 Dungeon Crawl Stone Soup version 0.28.0 (webtiles) character file.

Game seed: 11604441346331766319

139 Kaptain the Digger (level 5, -2/29 HPs)
             Began as a Gargoyle Earth Elementalist on Feb 8, 2022.
             Slain by an orc warrior (12 damage)
             ... on level 4 of the Dungeon.
             The game lasted 00:06:39 (3732 turns).

Kaptain the Digger (Gargoyle Earth Elementalist)    Turns: 3732, Time: 00:06:40

Health: -2/29      AC:  6    Str: 11    XL:     5   Next: 22%
Magic:  8/9        EV: 12    Int: 18    God:
Gold:   157        SH:  0    Dex: 10    Spells: 5/9 levels left

rFire   . . .      SeeInvis .   h - +1 dagger (flame)
rCold   . . .      Faith    .   (no shield)
rNeg    + . .      Spirit   .   b - +0 robe
rPois   ∞          Reflect  .   (no helmet)
rElec   +          Harm     .   (no cloak)
rCorr   .          Rampage  .   (no gloves)
Will    .....                   (no boots)
Stlth   ++........              (no amulet)
HPRegen 0.09/turn               (no ring)
MPRegen 0.11/turn               (no ring)

@: no status effects
A: sickness immunity, AC +4, negative energy resistance 1, electricity
resistance, torment resistance 1, petrification resistance
a: no special abilities


You were on level 4 of the Dungeon.
You visited 1 branch of the dungeon, and saw 4 of its levels.

You collected 157 gold pieces.

Inventory:

Hand Weapons
 d - a +0 dagger
 h - a +1 dagger of flaming (weapon)
 p - a +0 long sword
 r - a +0 rapier
Missiles
 n - 7 stones
Armour
 b - a +0 robe (worn)
Magical Staves
 g - a staff of cold
 t - a staff of earth
Scrolls
 c - a scroll of teleportation {unknown}
 e - 6 scrolls of identify {unknown}
 f - 2 scrolls of amnesia {unknown}
 i - a scroll of immolation {unknown}
 k - a scroll of acquirement {unknown}
 o - a scroll of enchant weapon {unknown}
 q - a scroll of fog {unknown}
 s - a scroll of vulnerability {unknown}
Potions
 a - 2 potions of degeneration {unknown}
 j - a potion of haste {unknown}
 l - a potion of magic {unknown}
 m - 2 potions of curing


   Skills:
 + Level 1.2 Fighting
 + Level 1.3 Armour
 + Level 2.0 Dodging
 + Level 2.8 Stealth
 * Level 2.8 Spellcasting
 * Level 1.9 Conjurations
 - Level 0.7 Transmutations
 * Level 4.5 Earth Magic


You had 5 spell levels left.
You knew the following spells:

 Your Spells              Type           Power      Damage    Failure   Level
a - Sandblast             Erth           36%        2d10      2%          1
b - Stone Arrow           Conj/Erth      28%        3d8       13%         3

Your spell library contained the following spells:

 Spells                   Type           Power      Damage    Failure   Level
 Passwall                 Tmut/Erth      10%        N/A       9%          2
 Corpse Rot               Necr/Air       4%         N/A       26%         2
 Petrify                  Tmut/Erth      12%        N/A       50%         4
 Dispel Undead            Necr           2%         3d7       86%         4
 Death Channel            Necr           1%         N/A       100%        6


Dungeon Overview and Level Annotations

Branches:
Dungeon (4/15)
 Temple: D:4-7

Altars:
Cheibriados
Xom

Shops:
D:3 =


Innate Abilities, Weirdness & Mutations

You are immune to sickness and miasma.
Your stone body is resilient. (AC +4)
You are immune to poison.
You resist negative energy. (rN+)
You are resistant to electric shocks. (rElec)
You are resistant to unholy torment.
You are immune to petrification.


Message History

Things that are here:
a +0 dagger; a +0 dagger; an orc corpse A dart slug comes into view.
A dart slug is nearby!
The dart slug launches a dart at you. The slug dart hits you.
The dart slug launches a dart at you.
The slug dart hits you but does no damage.
Casting: Sandblast (safe; 2% risk of failure)
Confirm with . or Enter, or press ? or * to list all spells.
Aiming: Sandblast (safe; 2% risk of failure)
Press: ? - help, Shift-Dir - straight line, f - dart slug
Aim: a dart slug (100% to hit)
The blast of sand hits the dart slug.
The dart slug is severely wounded.
Casting: Sandblast (safe; 2% risk of failure)
Confirm with . or Enter, or press ? or * to list all spells.
Aiming: Sandblast (safe; 2% risk of failure)
Press: ? - help, Shift-Dir - straight line, f/p - dart slug
Aim: a dart slug (severely wounded, 100% to hit)
The blast of sand hits the dart slug!
You kill the dart slug!
Casting: Sandblast (safe; 2% risk of failure)
Confirm with . or Enter, or press ? or * to list all spells.
Aiming: Sandblast (safe; 2% risk of failure)
Press: ? - help, Shift-Dir - straight line, f - you
Okay, then.
An orc comes into view. It is wielding a +0 club.
An orc comes into view. It is wielding a +0 hand axe.
The orc shouts! x2
The orc warrior shouts!
The orc barely misses you.
You see here a staff of earth.
t - a staff of earth The orc barely misses you.
The orc hits you with a +0 club.
The orc warrior hits you with a +0 mace!
The orc closely misses you. The orc warrior closely misses you.
The orc hits you with a +0 hand axe.
The orc warrior hits you with a +0 mace!
You die...

#............# ##.##
.............# ##)##
.............## ##.##
.##...........####
##.## #..............#
##..# #.............##
##..##
#..........o..####..##
..........oo###...##
..........@.#...##
..............##
...........>..#
.............##
#...........##
###..#####.......# #..
#.......# ## ###.....#
###...#


You could see an orc warrior and 2 orcs.

Vanquished Creatures
  A hound (D:4)
  A hound skeleton (D:2)
  3 adders
  3 worms
  2 dart slugs
  3 orcs
  6 ball pythons
  3 endoplasms
  3 giant cockroaches
  3 goblins (D:1)
  4 hobgoblins
  3 jackals (D:3)
  3 quokkas
  5 bats
  3 frilled lizards
  7 kobolds
  2 rats (D:2)
55 creatures vanquished.

Notes
Turn   | Place    | Note
-------+----------+-------------------------------------------
     0 | D:1      | Kaptain the Gargoyle Earth Elementalist began the quest for
                  | the Orb.
     0 | D:1      | Reached XP level 1. HP: 10/10 MP: 3/3
   308 | D:1      | Reached XP level 2. HP: 15/15 MP: 0/5
   424 | D:1      | Found a faded altar of an unknown god.
   558 | D:1      | You fall into a shaft and drop 1 floor!
   699 | D:2      | Reached skill level 4 in Earth Magic
   884 | D:2      | Reached XP level 3. HP: 20/20 MP: 2/6
   925 | D:2      | Learned a level 3 spell: Stone Arrow
  1978 | D:2      | Reached skill level 1 in Conjurations
  2084 | D:2      | Reached XP level 4. HP: 24/24 MP: 7/7
  2085 | D:2      | Reached skill level 1 in Fighting
  2352 | D:2      | Reached skill level 1 in Armour
  2518 | D:3      | Found Ihesurel's Jewellery Boutique.
  2552 | D:3      | Found a snail-covered altar of Cheibriados.
  2582 | D:3      | Found a shimmering altar of Xom.
  3565 | D:4      | Noticed an orc warrior
  3586 | D:4      | Reached XP level 5. HP: 22/29 MP: 4/9
  3732 | D:4      | Slain by an orc warrior

Illustrated notes

Levels and vault maps discovered:
D:1:      heliophobic_arrival_ceremonial_halls, layout_basic,
          ebering_ecumenical_altar_webs
D:2:      minmay_angry_zag, layout_loops_ring, minmay_tetromino_l4
D:3:      layout_loops_corners, cheibriados_altar_1,
          mainiacjoe_overflow_brackets, serial_shops, shop
D:4:      lemuel_castle_with_subvaults [lemuel_castle_interior_carwin_1],
          layout_cave_pods, dancing_weapons_uskayaw

Skill      XL: |  1  2  3  4 |
---------------+-------------+-----
Earth Magic    | 4 |  4.5
Conjurations   | 1 |  1.9
Fighting       | 1 |  1.2
Armour         | 1 |  1.3
Dodging        | 2 |  2.0
Stealth        | |  2.8
Spellcasting   | |  2.8
Transmutations | |  0.7

Action                   |  1- 3 |  4- 6 || total
-------------------------+-------+-------++-------
Melee: Dagger            |    67 |    38 ||   105
       Punch             |     2 |     1 ||     3
       Staff             |     7 |       ||     7
 Cast: Sandblast         |    30 |    19 ||    49
       Stone Arrow       |     2 |     1 ||     3
 Stab: Sleeping          |     2 |       ||     2
Armor: Robe              |    26 |    11 ||    37
Dodge: Dodged            |    64 |    32 ||    96
